 Dungeon Crawl Stone Soup version 0.17-a0-2002-g92c7e20 (webtiles) character file.

99 4thArraOfDagon the Insei (level 4, 0/23 HPs)
             Began as a Vine Stalker Transmuter on Oct 8, 2015.
             Succumbed to an adder's poison
             ... on level 4 of the Dungeon.
             The game lasted 00:03:03 (579 turns).

4thArraOfDagon the Insei (Vine Stalker Transmuter)   Turns: 579, Time: 00:03:03

Health: 0/23       AC:  2    Str: 13    XL:     4   Next: 72%
Magic:  0/8        EV: 20    Int: 14    God:
Gold:   10         SH:  0    Dex: 19    Spells: 2 memorised, 3 levels left

rFire  . . .     SeeInvis .       - Unarmed
rCold  . . .     Clarity  .     (armour currently unavailable)
rNeg   . . .     SustAt   .     (shield currently unavailable)
rPois  x         Gourm    .     (helmet currently unavailable)
rElec  .         Spirit   +     (cloak currently unavailable)
rCorr  .         Warding  .     (gloves currently unavailable)
rMut   .         Stasis   .     (boots currently unavailable)
MR     .....                    l - amulet of regeneration
Stlth  ++........               (no ring)
                                g - ring of wizardry

@: lethally poisoned (0 -> -1), spider-form (expiring), not resistant to hostile
enchantments, unstealthy
A: (fangs 0), regeneration 1, magic shield, (antimagic bite), no device heal 3,
rot immunity
a: End Transformation


You were on level 4 of the Dungeon.
You were not hungry.
You were a venomous arachnid creature.
You visited 1 branch of the dungeon, and saw 4 of its levels.

You collected 10 gold pieces.

Inventory:

Missiles
 a - 12 arrows
Armour
 b - a +0 robe (melded)
 k - a +0 cloak (melded)
Jewellery
 g - a ring of wizardry (left front leg)
 l - an amulet of regeneration (around neck)
Scrolls
 i - a scroll of recharging {unknown}
 j - a scroll of remove curse {unknown}
Potions
 e - a potion of agility {unknown}
 h - a potion of flight {unknown}
Books
 c - a book of Changes

   Spells                             Type                      Level
   a - Beastly Appendage              Transmutation                1
   b - Sticks to Snakes               Transmutation                2
   c - Spider Form                    Transmutation/Poison         3
   d - Ice Form                       Ice/Transmutation            4
   e - Blade Hands                    Transmutation                5
Comestibles
 d - 3 bread rations
 m - a chunk of flesh


   Skills:
 + Level 1.6 Fighting
 + Level 2.2 Dodging
 * Level 3.8 Unarmed Combat
 + Level 2.3 Spellcasting
 * Level 2.9 Transmutations


You had 3 spell levels left.
You knew the following spells:

 Your Spells              Type           Power        Failure   Level  Hunger
a - Beastly Appendage     Trmt           #.....       10%         1    #......
b - Spider Form           Trmt/Pois      #.........   30%         3    ###....


Dungeon Overview and Level Annotations

Branches:
Dungeon (4/15)
 Temple: D:4-7

Altars:


Innate Abilities, Weirdness & Mutations

((You have extremely sharp teeth.))
Your natural rate of healing is unusually fast.
When hurt, damage is shared between your health and your magic reserves.
((Your bite disrupts and absorbs the magic of your enemies.))
Potions and wands cannot restore your health.
You are immune to rotting.


Message History

The adder poisons you!
Unknown command.
Unknown command.
Unknown command.
Drink which item? (? for menu, Esc to quit)
It was a potion of curing.
You feel better. The adder misses you.
Unknown command.
Unknown command.
You hit the adder but do no damage.
The adder looks even sicker.
Your bite misses the adder.
The adder is heavily wounded.
The adder completely misses you. The adder bites you.
* * * LOW HITPOINT WARNING * * *
You are lethally poisoned!
The adder poisons you!
Unknown command.
Unknown command.
You hit the adder. Your bite misses the adder.
The adder is severely wounded.
You die...

##### #..†#
#.#g# ##
#g#S# gS
#g#s# #g
#g#.#
#g###.#.#
####g#..S#.#
#..<.#.###.#
#..g..<#.#
#......#.#
#.##.....#
#.#..#.#.#


You could see a gnoll shaman and an adder.

Vanquished Creatures
  A worker ant (D:4)
  3 gnolls (D:4)
  A giant gecko (D:3)
  3 bats (D:1)
  5 goblins
  7 hobgoblins
  7 jackals (D:2)
  5 kobolds
  A quokka (D:2)
  2 giant cockroaches
  3 giant newts (D:1)
  5 rats
43 creatures vanquished.

Notes
Turn   | Place    | Note
--------------------------------------------------------------
     0 | D:1      | 4thArraOfDagon the Vine Stalker Transmuter began the quest for the Orb.
     0 | D:1      | Reached XP level 1. HP: 9/9 MP: 4/4
    41 | D:1      | Reached skill level 1 in Fighting
   120 | D:2      | Reached XP level 2. HP: 14/14 MP: 4/6
   293 | D:1      | Reached XP level 3. HP: 15/18 MP: 7/7
   303 | D:1      | Learned a level 3 spell: Spider Form
   561 | D:4      | Reached XP level 4. HP: 22/22 MP: 5/8
   578 | D:4      | HP: 1/23 [adder (3)]
   579 | D:4      | Succumbed to an adder's poison

Vault maps used:
D:1:      scummos_arrival_gate, st_stairs_3, minmay_newt_pond
D:2:      minitemple, grunt_ministairs_1
D:3:      hangedman_decor_clover_reticule, trog_three_pillars_becter,
          uniq_sigmund, uniq_crazy_yiuf_cottage, uniq_iyjb
D:4:      kennysheep_big_flooded_room

Action                   |  1- 3 |  4- 6 || total
-------------------------+-------+-------++-------
Melee: Unarmed           |   106 |    10 ||   116
 Cast: Beastly Appendage |     7 |       ||     7
       Spider Form       |     6 |     1 ||     7
  Use: Potion            |       |     1 ||     1
